 Dungeon Crawl Stone Soup version 0.20.1-1-g8b1a95d (webtiles) character file.

40 tidbits the Gusty (level 3, -1/43 HPs)
             Began as a Demigod Wanderer on Aug 24, 2017.
             Slain by a worm (9 damage)
             ... on level 2 of the Dungeon.
             The game lasted 00:06:47 (550 turns).

tidbits the Gusty (Demigod Wanderer)                 Turns: 550, Time: 00:06:47

Health: -1/43      AC:  2    Str: 21    XL:     3   Next: 14%
Magic:  1/8        EV: 11    Int: 16    God:
Gold:   28         SH:  0    Dex: 19    Spells: 1/5 levels left

rFire    . . .     SeeInvis .   n - +0 long sword
rCold    . . .     Gourm    .   (no shield)
rNeg     . . .     Faith    .   d - +0 robe
rPois    .         Spirit   .   (no helmet)
rElec    .         Reflect  .   (no cloak)
rCorr    .         Harm     .   (no gloves)
MR       .....                  (no boots)
Stlth    ..........             i - amulet of rage
Regen    0.2/turn               X - +3 ring of dexterity
MPRegen  0.2/turn               (no ring)

@: berserking (expiring), lethally poisoned (-1 -> -7), very slightly
contaminated, very quick
A: high mp 1
a: Evoke Berserk Rage


You were on level 2 of the Dungeon.
You were hungry.

You visited 1 branch of the dungeon, and saw 2 of its levels.

You collected 28 gold pieces.

Inventory:

Hand Weapons
 a - a +0 short sword
 e - a +0 club
 n - a +0 long sword (weapon)
Missiles
 j - 33 stones (quivered)
Armour
 d - a +0 robe (worn)
Jewellery
 i - an amulet of rage (around neck)
   (You found it on level 1 of the Dungeon)
 X - a +3 ring of dexterity (left hand)
   (You found it on level 2 of the Dungeon)
Scrolls
 k - a scroll of identify {unknown}
Potions
 h - a potion of haste {unknown}
 l - a potion of ambrosia {unknown}
Books
 b - the Tome of Love and Death

   Spells                             Type                      Level
   a - Sandblast                      Earth                        1
   b - Stone Arrow                    Conjuration/Earth            3
 c - Fiaclan's Disquisition on the Birds

   Spells                             Type                      Level
   a - Shock                          Conjuration/Air              1
   b - Mephitic Cloud                 Conjuration/Poison/Air       3
 g - a book of Geomancy

   Spells                             Type                      Level
   a - Sandblast                      Earth                        1
   b - Passwall                       Transmutation/Earth          2
   c - Stone Arrow                    Conjuration/Earth            3
   d - Petrify                        Transmutation/Earth          4
   e - Lee's Rapid Deconstruction     Earth                        5
Comestibles
 f - a bread ration
 m - a royal jelly


   Skills:
 - Level 2.0 Fighting
 - Level 1.7 Throwing
 - Level 1.7 Spellcasting
 - Level 2.6 Transmutations
 - Level 2.6 Air Magic
 + Level 1.5 Earth Magic


You had one spell level left.
You knew the following spells:

 Your Spells              Type           Power        Failure   Level  Hunger
i - Sandblast             Erth           #.....       12%         1    ##.....
w - Passwall              Tmut/Erth      #.........   14%         2    ###....
z - Shock                 Conj/Air       #...         12%         1    ##.....


Dungeon Overview and Level Annotations

Branches:
Dungeon (2/15)


Innate Abilities, Weirdness & Mutations

You have an increased reservoir of magic. (+10% MP)


Message History

The worm is moderately wounded.
j - 36 stones
Casting: Sandblast
Confirm with . or Enter, or press ? or * to list all spells.
Aiming: Sandblast
Press: ? - help, Shift-Dir - straight line, f/p - worm
Aim: a worm (lightly wounded)
The blast of sand hits the worm.
The worm is moderately wounded.
j - 35 stones
Casting: Sandblast
Confirm with . or Enter, or press ? or * to list all spells.
Aiming: Sandblast
Press: ? - help, Shift-Dir - straight line, f/p - worm
Aim: a worm (moderately wounded)
You miscast Sandblast.
You are very lightly contaminated with residual magic.
Nothing appears to happen.
You hit the worm.
The worm is heavily wounded.
The worm bites you!
Casting: Sandblast
Confirm with . or Enter, or press ? or * to list all spells.
Aiming: Sandblast
Press: ? - help, Shift-Dir - straight line, f/p - worm
Aim: a worm (heavily wounded)
The blast of sand hits the worm.
The worm is severely wounded.
j - 34 stones
Casting: Sandblast
Confirm with . or Enter, or press ? or * to list all spells.
Aiming: Sandblast
Press: ? - help, Shift-Dir - straight line, f/p - worm
Aim: a worm (severely wounded)
You miscast Sandblast.
Nothing appears to happen.
Casting: Sandblast
Confirm with . or Enter, or press ? or * to list all spells.
Aiming: Sandblast
Press: ? - help, Shift-Dir - straight line, f/p - worm
Aim: a worm (heavily wounded)
The blast of sand hits the worm.
You kill the worm!
j - 33 stones
Okay, then.
An adder comes into view.
The adder hisses angrily.
The adder barely misses you.
A worm comes into view.
Casting: Sandblast
Confirm with . or Enter, or press ? or * to list all spells.
Aiming: Shock
Press: ? - help, Shift-Dir - straight line You miscast Shock.
You are momentarily dazzled by a flash of light!
The adder barely misses you. x2
Unknown command.
You fail to use your ability.
The adder bites you.
* * * LOW HITPOINT WARNING * * *
You fail to use your ability.
The adder bites you but does no damage. The adder barely misses you.
You fail to use your ability.
The adder barely misses you.
You fail to use your ability.
The adder barely misses you.
Found a scroll labeled FAUMA WURIUHIST.
The adder bites you.
* * * LOW HITPOINT WARNING * * *
A red film seems to cover your vision as you go berserk!
You feel yourself moving faster!
You feel mighty!
You are feeling hungry.
The adder barely misses you.
You riposte.
You miss the adder. The adder closely misses you.
You closely miss the adder. The adder completely misses you.
You barely miss the adder. The adder barely misses you.
You barely miss the adder. The adder closely misses you.
You closely miss the adder. The adder bites you.
* * * LOW HITPOINT WARNING * * *
You are poisoned.
The adder poisons you!
You slash the adder!
The adder is almost dead.
You feel sick. The adder bites you.
* * * LOW HITPOINT WARNING * * *
You are more poisoned.
The adder poisons you!
You closely miss the adder.
The adder is almost dead.
* * * LOW HITPOINT WARNING * * *
You feel sick. The adder bites you but does no damage. The adder bites you.
* * * LOW HITPOINT WARNING * * *
You slash the adder!
You kill the adder!
You have reached level 3!
Your experience leads to a dramatic increase in your attributes!
Your base attributes are Str 16, Int 14, Dex 16.
Increase (S)trength, (I)ntelligence, or (D)exterity?
You feel clever. x2
Unknown command.
You feel sick.
You completely miss the worm. The worm bites you!
You die...

..........####.#.#####
.....................#
##.########..#.#.###.#
#.# # #.#.# #.# #.# #
#.#.# #.# #.#
#..#...###.# #.#
#..........# #.#
##.###.###.# ..
###.###@# #.# ##
.?.....w###.#...#
###..)....w.....#
#.........#...#
##.##.###.##### #> #.#
#.# # #.# #.# #.# ..#
#.# ###


You could see a worm.

Vanquished Creatures
  An adder (D:2)
  A worm (D:2)
  A dart slug (D:1)
  2 bats (D:1)
  A giant cockroach (D:1)
  A goblin (D:2)
  4 hobgoblins
  3 jackals (D:1)
  A quokka (D:2)
  A frilled lizard (D:1)
  5 kobolds
  5 rats (D:1)
26 creatures vanquished.

Notes
Turn   | Place    | Note
-------+----------+-------------------------------------------
     0 | D:1      | tidbits the Demigod Wanderer began the quest for the Orb.
     0 | D:1      | tidbits set off with: a book of Geomancy, the Tome of Love and Death, Fiaclan's Disquisition on the Birds, a +0 robe, a +0 club, a bread ration
     0 | D:1      | Reached XP level 1. HP: 14/14 MP: 5/5
     0 | D:1      | Identified the Tome of Love and Death
     0 | D:1      | Identified Fiaclan's Disquisition on the Birds
     2 | D:1      | Learned a level 1 spell: Shock
    59 | D:1      | Reached skill level 1 in Fighting
   183 | D:1      | Reached XP level 2. HP: 23/23 MP: 2/7
   187 | D:1      | Learned a level 2 spell: Passwall
   278 | D:1      | Reached skill level 2 in Fighting
   334 | D:2      | Learned a level 1 spell: Sandblast
   510 | D:2      | Reached skill level 1 in Earth Magic
   548 | D:2      | Reached XP level 3. HP: 9/29 MP: 1/8
   550 | D:2      | Slain by a worm

Skill      XL: |  1  2 |
---------------+-------+-----
Fighting       | 1 2 |  2.0
Earth Magic    | 1 |  1.5
Throwing       | |  1.7
Spellcasting   | |  1.7
Transmutations | |  2.6
Air Magic      | |  2.6

Action                   || total
-------------------------++-------
Melee: Short sword       ||    11
       Club              ||     3
       Long sword        ||     9
 Cast: Shock             ||    30
       Sandblast         ||     5
 Abil: Evoke Berserk Rag ||     1
Armor: Robe              ||     3
Dodge: Dodged            ||    27
       Rpst.: Long sword ||     1

Table legend:
 A = Turns spent in this place as a percentage of turns spent in the entire game.
 B = Non-inter-level travel turns spent in this place as a percentage of non-inter-level travel turns spent in the entire game.
 C = Inter-level travel turns spent in this place as a percentage of turns spent in this place.
 D = Turns resting spent in this place as a percentage of non-inter-level travel turns spent in this place.
 E = Turns spent auto-exploring this place as a percentage of non-inter-level travel turns spent in this place.
 F = Non-inter-level travel turns spent in this place divided by the number of levels of this place that you've seen.
                   A       B       C       D       E      F
               +-------+-------+-------+-------+-------+----------------------
         Total | 100.0 | 100.0 |   0.0 |   0.0 |   0.0 | 275.5
       Dungeon | 100.0 | 100.0 |   0.0 |   0.0 |   0.0 | 275.5
               +-------+-------+-------+-------+-------+----------------------

Table legend:
 A = Kills in this place as a percentage of kills in entire the game.
 B = Kills by you in this place as a percentage of kills by you in the entire game.
 C = Kills by friends in this place as a percentage of kills by friends in the entire game.
 D = Other kills in this place as a percentage of other kills in the entire game.
 E = Experience gained in this place as a percentage of experience gained in the entire game.
 F = Experience gained in this place divided by the number of levels of this place that you have seen.
                   A       B       C       D       E      F
               +-------+-------+-------+-------+-------+----------------------
         Total | 100.0 | 100.0 |  -nan |  -nan | 100.0 |  29.0
       Dungeon | 100.0 | 100.0 |  -nan |  -nan | 100.0 |  29.0
               +-------+-------+-------+-------+-------+----------------------

Vault maps used:
D:1:      elethiomel_arrival_diamonds
